Sabres vs Bruins
Created - 7 avril 2013 at 19:00
Goals
|
| Sabres |
1 |
1 |
3 |
0 |
2 |
5 |
| Bruins |
1 |
2 |
2 |
0 |
3 |
6 |
|
Shots
|
| Sabres |
11 |
5 |
10 |
0 |
6 |
26 |
| Bruins |
9 |
19 |
8 |
0 |
6 |
36 |
|
1st period
1. Sabres , Markus Naslund 34 (Brendan Morrison) at 7:34
2. Bruins , Scott Hartnell 24 (Joe Corvo) at 13:43
Penalties :
Scottie Upshall (Bos) for Tripping (Minor) at 1:49, Vitali Yachmenev (Bos) for Elbowing (Minor) at 10:26, Dan McGillis (Buf) for Interference (Minor) at 10:26, Richard Lintner (Bos) for High sticking (Minor) at 19:11
2nd period
3. Bruins , Daniel Briere 25 (Ryan O'Byrne, Wojtek Wolski) at 6:21
4. Sabres , Chris Simon 9 (Daniel Alfredsson, Mats Sundin) at 6:37
5. Bruins , Joe Corvo 5 (Ryan O'Byrne, Jeff Carter) at 9:57 (PP)
Penalties :
Michal Rozsival (Buf) for Roughing (Minor) at 9:27
3rd period
6. Sabres , Mats Sundin 29 (Brendan Morrison, Jason Smith) at 0:24
7. Bruins , Ryan O'Byrne 3 (Victor Oreskovich, Matt Cooke) at 5:25
8. Sabres , Dominic Moore 12 (Jason Smith) at 8:59
9. Sabres , Dominic Moore 13 (Markus Naslund, Niclas Havelid) at 17:13 (SH)
10. Bruins , Zdeno Chara 5 (Michael Ryder, Andrew Alberts) at 19:25
Penalties :
Markus Naslund (Buf) for Slashing (Minor) at 0:05, Daniel Briere (Bos) for Holding (Minor) at 0:08, Tomas Kopecky (Buf) for Hooking (Minor) at 2:48, Richard Lintner (Bos) for Tripping (Minor) at 6:10, Tomas Kopecky (Buf) for Roughing (Minor) at 16:16
Overtime #1
No Goal
Penalties :
No Penalty
Shootout
Penalty Shot by Daniel Alfredsson for Sabres - Shot Misses the Net
Penalty Shot by Dave Bolland for Bruins - Goal!
Penalty Shot by Markus Naslund for Sabres - Goal!
Penalty Shot by Jeff Carter for Bruins - Shot Misses the Net
Penalty Shot by Mats Sundin for Sabres - Stopped by Evgeni Nabokov
Penalty Shot by Wojtek Wolski for Bruins - Shot Misses the Net
Penalty Shot by Brendan Morrison for Sabres - Goal!
Penalty Shot by Daniel Briere for Bruins - Goal!
Penalty Shot by Kyle Calder for Sabres - Stopped by Evgeni Nabokov
Penalty Shot by Zdeno Chara for Bruins - Stopped by Niklas Backstrom
Penalty Shot by Boyd Devereaux for Sabres - Shot Misses the Net
Penalty Shot by Michael Ryder for Bruins - Goal!
Penalties :
No Penalty
Goalie Stats
Niklas Backstrom (Buf), 31 saves from 36 shots - (0,861), OTL, 31-24-5, 65:00 minutes
Evgeni Nabokov (Bos), 21 saves from 26 shots - (0,808), W, 30-16-6, 64:36 minutes
Players Stats for Sabres
Player Name G A P +/- PIM S H SB GA TA FO MP PP MP PK MP
------------------------------------------------------------------------------------
Boyd Devereaux 0 0 0 0 0 1 2 0 0 0 6/10 14:55 0:01 2:13
Brendan Morrison 0 2 2 0 0 5 2 0 3 0 7/16 18:29 3:00 0:00
Chris Simon 1 0 1 0 0 4 0 1 0 1 0/0 14:29 0:00 0:00
Dan McGillis 0 0 0 -1 2 0 0 3 0 0 0/0 20:58 0:02 2:39
Daniel Alfredsson 0 1 1 -1 0 3 5 3 0 0 0/0 21:59 2:59 2:13
Daniel Cleary 0 0 0 -1 0 0 2 1 0 1 0/1 14:57 3:01 0:00
Dominic Moore 2 0 2 2 0 2 1 0 0 0 5/6 11:54 0:00 2:18
Jason Smith 0 2 2 3 0 1 2 2 0 2 0/0 27:08 2:33 1:52
Kyle Calder 0 0 0 0 0 1 2 0 0 0 0/0 13:44 2:57 0:00
Markus Naslund 1 1 2 -1 2 4 1 2 0 0 0/0 21:30 3:03 2:18
Mats Sundin 1 1 2 0 0 1 2 0 0 0 13/26 20:03 2:59 0:00
Mattias Timander 0 0 0 -1 0 1 1 1 0 0 0/0 16:55 3:25 0:00
Michal Rozsival 0 0 0 -1 2 0 3 2 2 2 0/0 26:08 3:27 2:39
Niclas Havelid 0 1 1 3 0 0 1 1 1 0 0/0 26:43 2:33 1:52
Niklas Sundstrom 0 0 0 0 0 3 0 0 1 0 0/0 11:12 0:00 0:00
Sean Avery 0 0 0 1 0 0 0 0 0 0 0/0 8:43 0:00 0:00
Stanislav Neckar 0 0 0 -1 0 0 0 0 0 0 0/0 12:08 0:00 0:00
Tomas Kopecky 0 0 0 1 4 0 2 1 0 0 0/0 9:34 0:00 0:00
Players Stats for Bruins
Player Name G A P +/- PIM S H SB GA TA FO MP PP MP PK MP
------------------------------------------------------------------------------------
Andrew Alberts 0 1 1 -2 0 0 2 4 1 2 0/0 31:42 2:49 4:02
Christoph Schubert 0 0 0 0 0 0 0 0 0 0 0/0 11:14 0:00 0:14
Daniel Briere 1 0 1 -2 2 4 2 0 2 1 0/0 20:14 1:56 0:00
Dave Bolland 0 0 0 0 0 0 0 0 0 0 13/23 20:34 1:57 3:18
Jeff Carter 0 1 1 -1 0 4 2 0 0 0 10/23 20:18 2:34 0:10
Joe Corvo 1 1 2 1 0 2 1 0 0 1 0/0 22:38 1:42 1:09
Matt Cooke 0 1 1 0 0 1 1 0 2 0 0/0 13:09 0:00 0:56
Matt Hendricks 0 0 0 0 0 1 1 1 0 0 0/1 7:50 0:00 0:00
Michael Ryder 0 1 1 0 0 4 0 0 0 0 0/0 11:22 0:00 0:03
Richard Lintner 0 0 0 0 4 0 0 0 0 0 0/0 10:48 0:00 0:49
Ryan O'Byrne 1 2 3 1 0 5 1 2 0 2 0/0 22:25 1:42 2:05
Scott Hartnell 1 0 1 0 0 2 1 0 0 0 0/0 13:55 1:57 1:36
Scottie Upshall 0 0 0 0 2 0 2 0 0 0 0/1 9:39 0:00 0:00
Victor Oreskovich 0 1 1 0 0 1 1 1 0 0 0/0 12:57 0:00 1:03
Vitali Yachmenev 0 0 0 1 2 1 3 0 0 0 0/1 13:17 2:34 0:00
Wayne Primeau 0 0 0 0 0 4 1 0 0 0 2/6 14:20 0:00 3:18
Wojtek Wolski 0 1 1 0 0 2 2 2 1 0 3/4 22:17 2:34 1:36
Zdeno Chara 1 0 1 -2 0 5 3 2 0 1 0/0 31:21 2:49 3:41
3 Stars
1 - Dominic Moore (Buf)
2 - Ryan O'Byrne (Bos)
3 - Jason Smith (Buf)
Power Play
Sabres - 0 on 4 Attempt(s) - 0,00%
Bruins - 1 on 4 Attempt(s) - 25,00%
Penalty Kill
Sabres - 3 on 4 Attempt(s) - 75,00%
- Score 1 goal in Penalty Kill
Bruins - 4 on 4 Attempt(s) - 100,00%
- Score 0 goal in Penalty Kill
Official
Referees : Hebert Ghislain and Watson Brad
Linesman : Shane Heyer and Scott Driscoll
Game Notes
No Game Note
Finance
Level 1 -- Attendance: 3833 (63,88%) -- Ticket Income 379 467 $
Level 2 -- Attendance: 3884 (77,68%) -- Ticket Income 229 156 $
Level 3 -- Attendance: 1802 (90,10%) -- Ticket Income 52 258 $
Level 4 -- Attendance: 3882 (97,05%) -- Ticket Income 73 758 $
Luxury Box -- Attendance: 719 (71,90%) -- Ticket Income 135 891 $
Game was played at the TD Banknorth Garden
Total Attendance: 14120 (78,44%)
Total Ticket Income: 870 530 $
Total Income: 870 530 $
Sabres
5 vs 5 Forward
Center Left Wing Right Wing Time % Phy DF OF
1 Mats Sundin Chris Simon Daniel Alfredsson 32 2 1 2
2 Brendan Morrison Markus Naslund Daniel Cleary 32 1 2 2
3 Boyd Devereaux Kyle Calder Niklas Sundstrom 20 1 3 1
4 Dominic Moore Sean Avery Tomas Kopecky 16 2 3 0
5 vs 5 Defense
Defense Defense Time % Phy DF OF
1 Jason Smith Niclas Havelid 38 1 3 1
2 Dan McGillis Michal Rozsival 38 1 3 1
3 Mattias Timander Stanislav Neckar 24 1 3 1
4 Mattias Timander Stanislav Neckar 0 1 3 1
PowerPlay Forward
Center Left Wing Right Wing Time % Phy DF OF
1 Brendan Morrison Markus Naslund Daniel Cleary 50 1 0 4
2 Mats Sundin Kyle Calder Daniel Alfredsson 50 1 0 4
PowerPlay Defense
Defense Defense Time % Phy DF OF
1 Mattias Timander Michal Rozsival 50 1 1 3
2 Jason Smith Niclas Havelid 50 1 1 3
Penalty Kill 4 Players Forward
Center Wing Time % Phy DF OF
1 Dominic Moore Markus Naslund 50 1 3 1
2 Boyd Devereaux Daniel Alfredsson 50 1 3 1
Penalty Kill 4 Players Defense
Defense Defense Time % Phy DF OF
1 Jason Smith Niclas Havelid 50 1 4 0
2 Dan McGillis Michal Rozsival 50 1 4 0
Penalty Kill - 3 Players Forward
Forward Time % Phy DF OF
1 Daniel Alfredsson 60 1 4 0
2 Markus Naslund 40 1 4 0
Penalty Kill - 3 Players Defense
Defense Defense Time % Phy DF OF
1 Jason Smith Niclas Havelid 60 1 4 0
2 Dan McGillis Michal Rozsival 40 1 4 0
4 vs 4 Forward
Center Wing Time % Phy DF OF
1 Mats Sundin Daniel Alfredsson 50 1 1 3
2 Brendan Morrison Markus Naslund 50 1 1 3
4 vs 4 Defense
Defense Defense Time % Phy DF OF
1 Dan McGillis Michal Rozsival 50 1 3 1
2 Jason Smith Niclas Havelid 50 1 3 1
Last Minutes Offensive
Center Left Wing Right Wing Defense Defense
Mats Sundin Markus Naslund Daniel Alfredsson Jason Smith Michal Rozsival
Last Minutes Defensive
Center Left Wing Right Wing Defense Defense
Mats Sundin Markus Naslund Daniel Alfredsson Jason Smith Michal Rozsival
Goaltenders
Starting : Niklas Backstrom
Backup : Vesa Toskala
Extra Forwards
Normal : Mats Sundin, Brendan Morrison, Daniel Alfredsson - PP : Chris Simon, Boyd Devereaux - PK : Daniel Cleary
Extra Defensemen
Normal : Jason Smith, Michal Rozsival, Dan McGillis - PP : Dan McGillis - PK : Mattias Timander, Stanislav Neckar
Penalty Shots
Daniel Alfredsson, Markus Naslund, Mats Sundin, Brendan Morrison, Kyle Calder
Bruins
5 vs 5 Forward
Center Left Wing Right Wing Time % Phy DF OF
1 Jeff Carter Wojtek Wolski Daniel Briere 40 0 2 3
2 Dave Bolland Scott Hartnell Vitali Yachmenev 30 1 2 2
3 Wayne Primeau Matt Cooke Victor Oreskovich 20 1 2 2
4 Matt Hendricks Scottie Upshall Michael Ryder 10 1 2 2
5 vs 5 Defense
Defense Defense Time % Phy DF OF
1 Zdeno Chara Andrew Alberts 40 0 2 3
2 Ryan O'Byrne Joe Corvo 30 0 2 3
3 Christoph Schubert Richard Lintner 20 1 2 2
4 Andrew Alberts Zdeno Chara 10 1 2 2
PowerPlay Forward
Center Left Wing Right Wing Time % Phy DF OF
1 Dave Bolland Scott Hartnell Daniel Briere 60 1 2 2
2 Jeff Carter Wojtek Wolski Vitali Yachmenev 40 1 2 2
PowerPlay Defense
Defense Defense Time % Phy DF OF
1 Zdeno Chara Andrew Alberts 60 1 2 2
2 Ryan O'Byrne Joe Corvo 40 1 2 2
Penalty Kill 4 Players Forward
Center Wing Time % Phy DF OF
1 Dave Bolland Wayne Primeau 60 1 2 2
2 Wojtek Wolski Scott Hartnell 40 1 2 2
Penalty Kill 4 Players Defense
Defense Defense Time % Phy DF OF
1 Zdeno Chara Andrew Alberts 60 1 2 2
2 Ryan O'Byrne Richard Lintner 40 1 2 2
Penalty Kill - 3 Players Forward
Forward Time % Phy DF OF
1 Dave Bolland 60 1 2 2
2 Wayne Primeau 40 1 2 2
Penalty Kill - 3 Players Defense
Defense Defense Time % Phy DF OF
1 Zdeno Chara Andrew Alberts 60 1 2 2
2 Ryan O'Byrne Richard Lintner 40 1 2 2
4 vs 4 Forward
Center Wing Time % Phy DF OF
1 Dave Bolland Daniel Briere 60 1 2 2
2 Wojtek Wolski Jeff Carter 40 1 2 2
4 vs 4 Defense
Defense Defense Time % Phy DF OF
1 Zdeno Chara Andrew Alberts 60 1 2 2
2 Ryan O'Byrne Joe Corvo 40 1 2 2
Last Minutes Offensive
Center Left Wing Right Wing Defense Defense
Dave Bolland Wojtek Wolski Daniel Briere Zdeno Chara Andrew Alberts
Last Minutes Defensive
Center Left Wing Right Wing Defense Defense
Dave Bolland Wojtek Wolski Daniel Briere Zdeno Chara Richard Lintner
Goaltenders
Starting : Evgeni Nabokov
Backup : Scott Clemmensen
Extra Forwards
Normal : Michael Ryder, Scottie Upshall, Victor Oreskovich - PP : Michael Ryder, Scottie Upshall - PK : Victor Oreskovich
Extra Defensemen
Normal : Joe Corvo, Richard Lintner, Zdeno Chara - PP : Joe Corvo - PK : Richard Lintner, Joe Corvo
Penalty Shots
Dave Bolland, Jeff Carter, Wojtek Wolski, Daniel Briere, Zdeno Chara
% Time on Ice - Sabres
Lines # - Real PCT - Wanted PCT - Time Play
Normal Forward
1 - 30% - 32% - 13:18
2 - 26% - 32% - 11:48
3 - 25% - 20% - 11:12
4 - 19% - 16% - 8:43
Normal Defense
1 - 39% - 38% - 17:40
2 - 35% - 38% - 15:33
3 - 26% - 24% - 11:48
4 - 0% - 0% - 0:00
PP Forward
1 - 51% - 50% - 3:03
2 - 49% - 50% - 2:57
PP Defense
1 - 58% - 50% - 3:27
2 - 43% - 50% - 2:33
PK Forward
1 - 51% - 50% - 2:18
2 - 49% - 50% - 2:13
PK Defense
1 - 41% - 50% - 1:52
2 - 59% - 50% - 2:39
PK3 Forward
1 - 0% - 60%
2 - 0% - 40%
PK3 Defense
1 - 0% - 60%
2 - 0% - 40%
44 Forward
1 - 49% - 50% - 4:24
2 - 51% - 50% - 4:31
44 Defense
1 - 51% - 50% - 4:32
2 - 49% - 50% - 4:23
Last Minute Offensive - 0:00
Last Minute Defensive - 0:33
Total
Forward - 65:00
Defense - 65:00
|
% Time on Ice - Bruins
Lines # - Real PCT - Wanted PCT - Time Play
Normal Forward
1 - 34% - 40% - 15:26
2 - 24% - 30% - 10:43
3 - 24% - 20% - 10:56
4 - 17% - 10% - 7:50
Normal Defense
1 - 39% - 40% - 17:29
2 - 35% - 30% - 15:55
3 - 22% - 20% - 9:50
4 - 4% - 10% - 1:41
PP Forward
1 - 43% - 60% - 1:57
2 - 57% - 40% - 2:34
PP Defense
1 - 62% - 60% - 2:49
2 - 38% - 40% - 1:42
PK Forward
1 - 73% - 60% - 4:24
2 - 27% - 40% - 1:36
PK Defense
1 - 61% - 60% - 3:41
2 - 39% - 40% - 2:19
PK3 Forward
1 - 0% - 60%
2 - 0% - 40%
PK3 Defense
1 - 0% - 60%
2 - 0% - 40%
44 Forward
1 - 74% - 60% - 6:35
2 - 26% - 40% - 2:20
44 Defense
1 - 62% - 60% - 5:30
2 - 38% - 40% - 3:25
Last Minute Offensive - 0:39
Last Minute Defensive - 0:00
Total
Forward - 65:00
Defense - 65:00
|
Play by Play
1st period
0:01 of 1st period - Mats Sundin wins face-off versus Jeff Carter in neutral zone.
0:03 of 1st period - Off-side.
0:04 of 1st period - Mats Sundin wins face-off versus Jeff Carter in neutral zone.
0:15 of 1st period - Wrist shot by Daniel Alfredsson.
0:15 of 1st period - Shot Misses the Net.
0:53 of 1st period - Slapshot by Daniel Briere.
0:53 of 1st period - Shot Misses the Net.
1:05 of 1st period - Snap shot by Kyle Calder.
1:05 of 1st period - Deflect By Niklas Sundstrom.
1:05 of 1st period - Stopped by Evgeni Nabokov without a rebound.
1:06 of 1st period - Dave Bolland wins face-off versus Daniel Cleary in Bruins zone.
1:06 of 1st period - Dave Bolland is hit by Brendan Morrison.
1:12 of 1st period - Joe Corvo is hit by Brendan Morrison and loses puck.
1:19 of 1st period - Snap shot by Brendan Morrison.
1:19 of 1st period - Stopped by Evgeni Nabokov with a rebound.
1:49 of 1st period - Minor Penalty to Scottie Upshall for Tripping.
1:50 of 1st period - Dave Bolland wins face-off versus Brendan Morrison in Bruins zone.
2:20 of 1st period - Zdeno Chara is hit by Daniel Alfredsson and loses puck.
3:21 of 1st period - Mattias Timander is hit by Scott Hartnell and loses puck.
3:49 of 1st period - Penalty to Scottie Upshall is over, Scottie Upshall is back on ice.
5:17 of 1st period - Wrist shot by Michael Ryder.
5:17 of 1st period - Shot Misses the Net.
5:29 of 1st period - Dan McGillis is hit by Victor Oreskovich and loses puck.
5:43 of 1st period - Icing by Daniel Cleary.
5:44 of 1st period - Mats Sundin wins face-off versus Jeff Carter in Sabres zone.
6:12 of 1st period - Backhand shot by Kyle Calder.
6:12 of 1st period - Stopped by Evgeni Nabokov with a rebound.
6:20 of 1st period - Scott Hartnell is hit by Michal Rozsival and loses puck.
6:31 of 1st period - Snap shot by Matt Cooke.
6:31 of 1st period - Shot Misses the Net.
6:49 of 1st period - Wayne Primeau is hit by Mattias Timander and loses puck.
7:10 of 1st period - Slapshot by Wayne Primeau.
7:10 of 1st period - Shot Blocked by Daniel Cleary.
7:28 of 1st period - Snap shot by Brendan Morrison.
7:28 of 1st period - Stopped by Evgeni Nabokov with a rebound.
7:34 of 1st period - Snap shot by Markus Naslund.
7:34 of 1st period - Goal by Markus Naslund - Sabres : 1 - Bruins : 0.
7:35 of 1st period - Dave Bolland wins face-off versus Mats Sundin in neutral zone.
7:38 of 1st period - Wrist shot by Zdeno Chara.
7:38 of 1st period - Stopped by Niklas Backstrom with a rebound.
8:11 of 1st period - Michal Rozsival is hit by Daniel Briere and loses puck.
8:24 of 1st period - Snap shot by Matt Hendricks.
8:24 of 1st period - Shot Misses the Net.
8:34 of 1st period - Matt Hendricks is hit by Tomas Kopecky and loses puck.
8:41 of 1st period - Dan McGillis is hit by Matt Hendricks and loses puck.
8:50 of 1st period - Snap shot by Scottie Upshall.
8:50 of 1st period - Shot Misses the Net.
8:52 of 1st period - Snap shot by Michael Ryder.
8:52 of 1st period - Stopped by Niklas Backstrom with a rebound.
8:54 of 1st period - Wrist shot by Matt Hendricks.
8:54 of 1st period - Shot Misses the Net.
9:00 of 1st period - Snap shot by Michael Ryder.
9:00 of 1st period - Deflect By Scottie Upshall.
9:00 of 1st period - Shot Misses the Net.
9:00 of 1st period - Puck is out of play.
9:01 of 1st period - Dave Bolland wins face-off versus Mats Sundin in Sabres zone.
9:02 of 1st period - Wrist shot by Scott Hartnell.
9:02 of 1st period - Stopped by Niklas Backstrom with a rebound.
9:23 of 1st period - Icing by Vitali Yachmenev.
9:24 of 1st period - Brendan Morrison wins face-off versus Jeff Carter in Bruins zone.
9:33 of 1st period - Wrist shot by Brendan Morrison.
9:33 of 1st period - Stopped by Evgeni Nabokov with a rebound.
9:35 of 1st period - Slapshot by Jason Smith.
9:35 of 1st period - Shot Blocked by Wojtek Wolski.
9:37 of 1st period - Snap shot by Markus Naslund.
9:37 of 1st period - Stopped by Evgeni Nabokov without a rebound.
9:38 of 1st period - Dave Bolland wins face-off versus Mats Sundin in Bruins zone.
9:38 of 1st period - Scott Hartnell is hit by Daniel Alfredsson and loses puck.
9:43 of 1st period - Snap shot by Mats Sundin.
9:43 of 1st period - Shot Blocked by Zdeno Chara.
9:45 of 1st period - Wrist shot by Chris Simon.
9:45 of 1st period - Shot Misses the Net.
9:47 of 1st period - Slapshot by Jason Smith.
9:47 of 1st period - Stopped by Evgeni Nabokov with a rebound.
9:53 of 1st period - Wrist shot by Daniel Alfredsson.
9:53 of 1st period - Stopped by Evgeni Nabokov without a rebound.
9:54 of 1st period - Wojtek Wolski wins face-off versus Brendan Morrison in Bruins zone.
10:26 of 1st period - Minor Penalty to Vitali Yachmenev for Elbowing.
10:26 of 1st period - Minor Penalty to Dan McGillis for Interference.
10:27 of 1st period - Mats Sundin wins face-off versus Dave Bolland in Sabres zone.
10:42 of 1st period - Slapshot by Zdeno Chara.
10:42 of 1st period - Stopped by Niklas Backstrom without a rebound.
10:43 of 1st period - Dave Bolland wins face-off versus Brendan Morrison in Sabres zone.
12:26 of 1st period - Penalty to Vitali Yachmenev is over, Vitali Yachmenev is back on ice.
12:26 of 1st period - Penalty to Dan McGillis is over, Dan McGillis is back on ice.
12:43 of 1st period - Slapshot by Matt Cooke.
12:43 of 1st period - Deflect By Wayne Primeau.
12:43 of 1st period - Shot Misses the Net.
12:43 of 1st period - Puck is out of play.
12:44 of 1st period - Dominic Moore wins face-off versus Scottie Upshall in Sabres zone.
12:48 of 1st period - Off-side.
12:49 of 1st period - Dominic Moore wins face-off versus Matt Hendricks in neutral zone.
13:21 of 1st period - Wrist shot by Wojtek Wolski.
13:21 of 1st period - Shot Blocked by Daniel Alfredsson.
13:23 of 1st period - Snap shot by Zdeno Chara.
13:23 of 1st period - Shot Misses the Net.
13:25 of 1st period - Slapshot by Zdeno Chara.
13:25 of 1st period - Shot Blocked by Dan McGillis.
13:41 of 1st period - Wrist shot by Scott Hartnell.
13:41 of 1st period - Shot Misses the Net.
13:43 of 1st period - Slapshot by Scott Hartnell.
13:43 of 1st period - Goal by Scott Hartnell - Sabres : 1 - Bruins : 1.
13:44 of 1st period - Mats Sundin wins face-off versus Jeff Carter in neutral zone.
13:59 of 1st period - Backhand shot by Chris Simon.
13:59 of 1st period - Stopped by Evgeni Nabokov with a rebound.
14:11 of 1st period - Andrew Alberts is hit by Niclas Havelid and loses puck.
14:20 of 1st period - Slapshot by Joe Corvo.
14:20 of 1st period - Stopped by Niklas Backstrom with a rebound.
15:56 of 1st period - Wayne Primeau is hit by Daniel Cleary and loses puck.
16:26 of 1st period - Snap shot by Sean Avery.
16:26 of 1st period - Shot Blocked by Zdeno Chara.
16:43 of 1st period - Snap shot by Vitali Yachmenev.
16:43 of 1st period - Stopped by Niklas Backstrom without a rebound.
16:44 of 1st period - Dave Bolland wins face-off versus Mats Sundin in Sabres zone.
17:37 of 1st period - Icing by Matt Cooke.
17:38 of 1st period - Wayne Primeau wins face-off versus Boyd Devereaux in Bruins zone.
18:17 of 1st period - Slapshot by Wayne Primeau.
18:17 of 1st period - Stopped by Niklas Backstrom without a rebound.
18:18 of 1st period - Mats Sundin wins face-off versus Jeff Carter in Sabres zone.
18:27 of 1st period - Slapshot by Zdeno Chara.
18:27 of 1st period - Stopped by Niklas Backstrom with a rebound.
19:11 of 1st period - Minor Penalty to Richard Lintner for High sticking.
19:12 of 1st period - Dave Bolland wins face-off versus Brendan Morrison in Bruins zone.
19:25 of 1st period - Slapshot by Markus Naslund.
19:25 of 1st period - Shot Misses the Net.
19:27 of 1st period - Slapshot by Mattias Timander.
19:27 of 1st period - Stopped by Evgeni Nabokov with a rebound.
2nd period
0:01 of 2nd period - Mats Sundin wins face-off versus Dave Bolland in neutral zone.
0:04 of 2nd period - Zdeno Chara is hit by Mats Sundin.
1:11 of 2nd period - Penalty to Richard Lintner is over, Richard Lintner is back on ice.
1:28 of 2nd period - Wrist shot by Michael Ryder.
1:28 of 2nd period - Stopped by Niklas Backstrom without a rebound.
1:29 of 2nd period - Jeff Carter wins face-off versus Dominic Moore in Sabres zone.
1:58 of 2nd period - Slapshot by Richard Lintner.
1:58 of 2nd period - Shot Misses the Net.
2:22 of 2nd period - Wrist shot by Zdeno Chara.
2:22 of 2nd period - Shot Blocked by Jason Smith.
2:27 of 2nd period - Off-side.
2:28 of 2nd period - Wojtek Wolski wins face-off versus Mats Sundin in neutral zone.
2:53 of 2nd period - Vitali Yachmenev is hit by Markus Naslund and loses puck.
4:05 of 2nd period - Daniel Alfredsson is hit by Andrew Alberts and loses puck.
4:44 of 2nd period - Snap shot by Jeff Carter.
4:44 of 2nd period - Shot Misses the Net.
4:46 of 2nd period - Wrist shot by Wojtek Wolski.
4:46 of 2nd period - Shot Blocked by Niclas Havelid.
4:48 of 2nd period - Snap shot by Daniel Briere.
4:48 of 2nd period - Deflect By Niclas Havelid.
4:48 of 2nd period - Stopped by Niklas Backstrom without a rebound.
4:49 of 2nd period - Wayne Primeau wins face-off versus Mats Sundin in Sabres zone.
4:50 of 2nd period - Snap shot by Matt Cooke.
4:50 of 2nd period - Stopped by Niklas Backstrom without a rebound.
4:51 of 2nd period - Mats Sundin wins face-off versus Wayne Primeau in Sabres zone.
5:24 of 2nd period - Snap shot by Wojtek Wolski.
5:24 of 2nd period - Shot Misses the Net.
5:26 of 2nd period - Slapshot by Daniel Briere.
5:26 of 2nd period - Shot Misses the Net.
5:28 of 2nd period - Slapshot by Christoph Schubert.
5:28 of 2nd period - Shot Blocked by Jason Smith.
5:30 of 2nd period - Wrist shot by Jeff Carter.
5:30 of 2nd period - Stopped by Niklas Backstrom without a rebound.
5:31 of 2nd period - Boyd Devereaux wins face-off versus Dave Bolland in Sabres zone.
5:56 of 2nd period - Dan McGillis is hit by Wojtek Wolski and loses puck.
6:07 of 2nd period - Snap shot by Jeff Carter.
6:07 of 2nd period - Stopped by Niklas Backstrom without a rebound.
6:08 of 2nd period - Jeff Carter wins face-off versus Brendan Morrison in Sabres zone.
6:17 of 2nd period - Snap shot by Wojtek Wolski.
6:17 of 2nd period - Shot Blocked by Mattias Timander.
6:19 of 2nd period - Slapshot by Ryan O'Byrne.
6:19 of 2nd period - Stopped by Niklas Backstrom with a rebound.
6:21 of 2nd period - Wrist shot by Daniel Briere.
6:21 of 2nd period - Goal by Daniel Briere - Sabres : 1 - Bruins : 2.
6:22 of 2nd period - Mats Sundin wins face-off versus Wojtek Wolski in neutral zone.
6:35 of 2nd period - Snap shot by Daniel Alfredsson.
6:35 of 2nd period - Shot Misses the Net.
6:37 of 2nd period - Snap shot by Chris Simon.
6:37 of 2nd period - Goal by Chris Simon - Sabres : 2 - Bruins : 2.
6:38 of 2nd period - Jeff Carter wins face-off versus Brendan Morrison in neutral zone.
7:03 of 2nd period - Dan McGillis is hit by Vitali Yachmenev and loses puck.
7:14 of 2nd period - Zdeno Chara is hit by Jason Smith and loses puck.
7:44 of 2nd period - Dominic Moore is hit by Matt Cooke and loses puck.
8:00 of 2nd period - Snap shot by Daniel Briere.
8:00 of 2nd period - Stopped by Niklas Backstrom without a rebound.
8:01 of 2nd period - Jeff Carter wins face-off versus Mats Sundin in Sabres zone.
8:04 of 2nd period - Snap shot by Wojtek Wolski.
8:04 of 2nd period - Stopped by Niklas Backstrom without a rebound.
8:05 of 2nd period - Wojtek Wolski wins face-off versus Mats Sundin in Sabres zone.
8:38 of 2nd period - Wrist shot by Scott Hartnell.
8:38 of 2nd period - Shot Misses the Net.
8:40 of 2nd period - Slapshot by Ryan O'Byrne.
8:40 of 2nd period - Stopped by Niklas Backstrom without a rebound.
8:41 of 2nd period - Jeff Carter wins face-off versus Boyd Devereaux in Sabres zone.
8:44 of 2nd period - Slapshot by Daniel Briere.
8:44 of 2nd period - Stopped by Niklas Backstrom without a rebound.
8:45 of 2nd period - Boyd Devereaux wins face-off versus Jeff Carter in Sabres zone.
9:16 of 2nd period - Wrist shot by Wayne Primeau.
9:16 of 2nd period - Stopped by Niklas Backstrom with a rebound.
9:18 of 2nd period - Snap shot by Victor Oreskovich.
9:18 of 2nd period - Stopped by Niklas Backstrom with a rebound.
9:20 of 2nd period - Snap shot by Wayne Primeau.
9:20 of 2nd period - Stopped by Niklas Backstrom without a rebound.
9:21 of 2nd period - Brendan Morrison wins face-off versus Jeff Carter in Sabres zone.
9:27 of 2nd period - Minor Penalty to Michal Rozsival for Roughing.
9:28 of 2nd period - Dominic Moore wins face-off versus Dave Bolland in Sabres zone.
9:53 of 2nd period - Slapshot by Jeff Carter.
9:53 of 2nd period - Stopped by Niklas Backstrom with a rebound.
9:55 of 2nd period - Slapshot by Ryan O'Byrne.
9:55 of 2nd period - Stopped by Niklas Backstrom with a rebound.
9:57 of 2nd period - Wrist shot by Joe Corvo.
9:57 of 2nd period - Goal by Joe Corvo - Sabres : 2 - Bruins : 3.
9:58 of 2nd period - Mats Sundin wins face-off versus Jeff Carter in neutral zone.
10:03 of 2nd period - Snap shot by Daniel Alfredsson.
10:03 of 2nd period - Stopped by Evgeni Nabokov with a rebound.
12:10 of 2nd period - Wayne Primeau is hit by Tomas Kopecky.
12:38 of 2nd period - Icing by Mattias Timander.
12:39 of 2nd period - Jeff Carter wins face-off versus Mats Sundin in Sabres zone.
12:47 of 2nd period - Icing by Mats Sundin.
12:48 of 2nd period - Jeff Carter wins face-off versus Mats Sundin in Sabres zone.
12:49 of 2nd period - Snap shot by Wojtek Wolski.
12:49 of 2nd period - Shot Misses the Net.
12:55 of 2nd period - Slapshot by Michal Rozsival.
12:55 of 2nd period - Deflect By Chris Simon.
12:55 of 2nd period - Stopped by Evgeni Nabokov with a rebound.
12:57 of 2nd period - Snap shot by Chris Simon.
12:57 of 2nd period - Stopped by Evgeni Nabokov without a rebound.
12:58 of 2nd period - Brendan Morrison wins face-off versus Jeff Carter in Bruins zone.
13:01 of 2nd period - Wrist shot by Brendan Morrison.
13:01 of 2nd period - Stopped by Evgeni Nabokov without a rebound.
13:02 of 2nd period - Jeff Carter wins face-off versus Brendan Morrison in Bruins zone.
14:15 of 2nd period - Slapshot by Sean Avery.
14:15 of 2nd period - Shot Misses the Net.
14:17 of 2nd period - Snap shot by Tomas Kopecky.
14:17 of 2nd period - Shot Misses the Net.
14:19 of 2nd period - Slapshot by Dan McGillis.
14:19 of 2nd period - Shot Blocked by Ryan O'Byrne.
14:21 of 2nd period - Wrist shot by Dominic Moore.
14:21 of 2nd period - Shot Misses the Net.
14:31 of 2nd period - Markus Naslund is hit by Wojtek Wolski.
14:50 of 2nd period - Icing by Daniel Cleary.
14:51 of 2nd period - Brendan Morrison wins face-off versus Vitali Yachmenev in Sabres zone.
15:40 of 2nd period - Snap shot by Markus Naslund.
15:40 of 2nd period - Shot Misses the Net.
16:06 of 2nd period - Snap shot by Michal Rozsival.
16:06 of 2nd period - Shot Blocked by Andrew Alberts.
16:08 of 2nd period - Snap shot by Chris Simon.
16:08 of 2nd period - Shot Blocked by Andrew Alberts.
16:49 of 2nd period - Wrist shot by Niklas Sundstrom.
16:49 of 2nd period - Shot Blocked by Ryan O'Byrne.
17:26 of 2nd period - Michael Ryder is hit by Mats Sundin and loses puck.
18:10 of 2nd period - Kyle Calder is hit by Jeff Carter and loses puck.
18:30 of 2nd period - Joe Corvo is hit by Kyle Calder and loses puck.
18:39 of 2nd period - Kyle Calder is hit by Wayne Primeau and loses puck.
19:42 of 2nd period - Slapshot by Michael Ryder.
19:42 of 2nd period - Shot Misses the Net.
19:48 of 2nd period - Snap shot by Michael Ryder.
19:48 of 2nd period - Stopped by Niklas Backstrom with a rebound.
19:50 of 2nd period - Snap shot by Michael Ryder.
19:50 of 2nd period - Shot Misses the Net.
19:52 of 2nd period - Slapshot by Ryan O'Byrne.
19:52 of 2nd period - Stopped by Niklas Backstrom with a rebound.
3rd period
0:01 of 3rd period - Brendan Morrison wins face-off versus Jeff Carter in neutral zone.
0:05 of 3rd period - Minor Penalty to Markus Naslund for Slashing.
0:06 of 3rd period - Boyd Devereaux wins face-off versus Dave Bolland in Sabres zone.
0:08 of 3rd period - Minor Penalty to Daniel Briere for Holding.
0:09 of 3rd period - Brendan Morrison wins face-off versus Dave Bolland in Bruins zone.
0:24 of 3rd period - Snap shot by Mats Sundin.
0:24 of 3rd period - Goal by Mats Sundin - Sabres : 3 - Bruins : 3.
0:25 of 3rd period - Dave Bolland wins face-off versus Mats Sundin in neutral zone.
0:28 of 3rd period - Jason Smith is hit by Zdeno Chara and loses puck.
0:33 of 3rd period - Snap shot by Dave Bolland.
0:33 of 3rd period - Shot Misses the Net.
0:35 of 3rd period - Slapshot by Michael Ryder.
0:35 of 3rd period - Shot Misses the Net.
0:37 of 3rd period - Snap shot by Dave Bolland.
0:37 of 3rd period - Shot Misses the Net.
0:39 of 3rd period - Snap shot by Michael Ryder.
0:39 of 3rd period - Stopped by Niklas Backstrom with a rebound.
0:41 of 3rd period - Slapshot by Zdeno Chara.
0:41 of 3rd period - Shot Blocked by Daniel Alfredsson.
2:05 of 3rd period - Penalty to Markus Naslund is over, Markus Naslund is back on ice.
2:08 of 3rd period - Penalty to Daniel Briere is over, Daniel Briere is back on ice.
2:15 of 3rd period - Markus Naslund is hit by Daniel Briere and loses puck.
2:24 of 3rd period - Andrew Alberts is hit by Michal Rozsival and loses puck.
2:48 of 3rd period - Minor Penalty to Tomas Kopecky for Hooking.
2:49 of 3rd period - Boyd Devereaux wins face-off versus Dave Bolland in Sabres zone.
3:41 of 3rd period - Michal Rozsival is hit by Vitali Yachmenev and loses puck.
3:58 of 3rd period - Daniel Alfredsson is hit by Zdeno Chara and loses puck.
4:39 of 3rd period - Jason Smith is hit by Vitali Yachmenev and loses puck.
4:48 of 3rd period - Penalty to Tomas Kopecky is over, Tomas Kopecky is back on ice.
5:12 of 3rd period - Snap shot by Jeff Carter.
5:12 of 3rd period - Shot Misses the Net.
5:14 of 3rd period - Snap shot by Wojtek Wolski.
5:14 of 3rd period - Deflect By Jeff Carter.
5:14 of 3rd period - Stopped by Niklas Backstrom without a rebound.
5:15 of 3rd period - Mats Sundin wins face-off versus Wayne Primeau in Sabres zone.
5:15 of 3rd period - Mats Sundin is hit by Ryan O'Byrne.
5:21 of 3rd period - Slapshot by Matt Cooke.
5:21 of 3rd period - Shot Hit the Post.
5:23 of 3rd period - Snap shot by Victor Oreskovich.
5:23 of 3rd period - Shot Blocked by Chris Simon.
5:25 of 3rd period - Slapshot by Ryan O'Byrne.
5:25 of 3rd period - Goal by Ryan O'Byrne - Sabres : 3 - Bruins : 4.
5:26 of 3rd period - Mats Sundin wins face-off versus Wayne Primeau in neutral zone.
5:51 of 3rd period - Slapshot by Markus Naslund.
5:51 of 3rd period - Shot Blocked by Matt Hendricks.
6:05 of 3rd period - Scottie Upshall is hit by Daniel Cleary.
6:10 of 3rd period - Minor Penalty to Richard Lintner for Tripping.
6:11 of 3rd period - Dave Bolland wins face-off versus Brendan Morrison in Bruins zone.
6:53 of 3rd period - Daniel Alfredsson is hit by Andrew Alberts.
8:10 of 3rd period - Penalty to Richard Lintner is over, Richard Lintner is back on ice.
8:51 of 3rd period - Snap shot by Wojtek Wolski.
8:51 of 3rd period - Stopped by Niklas Backstrom without a rebound.
8:52 of 3rd period - Dominic Moore wins face-off versus Jeff Carter in Sabres zone.
8:57 of 3rd period - Slapshot by Jason Smith.
8:57 of 3rd period - Shot Blocked by Andrew Alberts.
8:59 of 3rd period - Wrist shot by Dominic Moore.
8:59 of 3rd period - Goal by Dominic Moore - Sabres : 4 - Bruins : 4.
9:00 of 3rd period - Brendan Morrison wins face-off versus Jeff Carter in neutral zone.
9:11 of 3rd period - Daniel Briere is hit by Jason Smith and loses puck.
9:16 of 3rd period - Wrist shot by Markus Naslund.
9:16 of 3rd period - Stopped by Evgeni Nabokov with a rebound.
9:51 of 3rd period - Richard Lintner is hit by Dominic Moore and loses puck.
10:18 of 3rd period - Kyle Calder is hit by Scottie Upshall and loses puck.
10:53 of 3rd period - Wrist shot by Markus Naslund.
10:53 of 3rd period - Stopped by Evgeni Nabokov with a rebound.
10:55 of 3rd period - Slapshot by Stanislav Neckar.
10:55 of 3rd period - Shot Misses the Net.
10:57 of 3rd period - Wrist shot by Brendan Morrison.
10:57 of 3rd period - Shot Blocked by Wojtek Wolski.
10:59 of 3rd period - Slapshot by Brendan Morrison.
10:59 of 3rd period - Stopped by Evgeni Nabokov without a rebound.
11:00 of 3rd period - Dave Bolland wins face-off versus Mats Sundin in Bruins zone.
11:00 of 3rd period - Dave Bolland is hit by Daniel Alfredsson.
11:10 of 3rd period - Slapshot by Michal Rozsival.
11:10 of 3rd period - Shot Misses the Net.
11:36 of 3rd period - Zdeno Chara is hit by Michal Rozsival and loses puck.
11:51 of 3rd period - Backhand shot by Dominic Moore.
11:51 of 3rd period - Shot Misses the Net.
11:57 of 3rd period - Dominic Moore is hit by Joe Corvo and loses puck.
12:08 of 3rd period - Slapshot by Dan McGillis.
12:08 of 3rd period - Shot Misses the Net.
12:10 of 3rd period - Snap shot by Niklas Sundstrom.
12:10 of 3rd period - Stopped by Evgeni Nabokov with a rebound.
12:12 of 3rd period - Snap shot by Kyle Calder.
12:12 of 3rd period - Deflect By Boyd Devereaux.
12:12 of 3rd period - Stopped by Evgeni Nabokov with a rebound.
12:14 of 3rd period - Snap shot by Kyle Calder.
12:14 of 3rd period - Shot Misses the Net.
12:16 of 3rd period - Wrist shot by Kyle Calder.
12:16 of 3rd period - Deflect By Niklas Sundstrom.
12:16 of 3rd period - Stopped by Evgeni Nabokov without a rebound.
12:17 of 3rd period - Jeff Carter wins face-off versus Brendan Morrison in Bruins zone.
12:42 of 3rd period - Vitali Yachmenev is hit by Daniel Alfredsson and loses puck.
14:01 of 3rd period - Snap shot by Matt Hendricks.
14:01 of 3rd period - Stopped by Niklas Backstrom with a rebound.
14:03 of 3rd period - Wrist shot by Matt Hendricks.
14:03 of 3rd period - Shot Blocked by Markus Naslund.
14:05 of 3rd period - Backhand shot by Matt Hendricks.
14:05 of 3rd period - Shot Blocked by Michal Rozsival.
14:40 of 3rd period - Stanislav Neckar is hit by Jeff Carter and loses puck.
14:51 of 3rd period - Wayne Primeau is hit by Kyle Calder and loses puck.
14:56 of 3rd period - Snap shot by Boyd Devereaux.
14:56 of 3rd period - Shot Misses the Net.
14:58 of 3rd period - Slapshot by Niclas Havelid.
14:58 of 3rd period - Shot Blocked by Victor Oreskovich.
15:42 of 3rd period - Off-side.
15:43 of 3rd period - Jeff Carter wins face-off versus Mats Sundin in neutral zone.
16:16 of 3rd period - Minor Penalty to Tomas Kopecky for Roughing.
16:17 of 3rd period - Dave Bolland wins face-off versus Boyd Devereaux in Sabres zone.
16:50 of 3rd period - Slapshot by Zdeno Chara.
16:50 of 3rd period - Shot Blocked by Dan McGillis.
17:01 of 3rd period - Off-side.
17:02 of 3rd period - Dominic Moore wins face-off versus Dave Bolland in neutral zone.
17:13 of 3rd period - Snap shot by Dominic Moore.
17:13 of 3rd period - Goal by Dominic Moore - Sabres : 5 - Bruins : 4.
17:14 of 3rd period - Dave Bolland wins face-off versus Boyd Devereaux in neutral zone.
17:41 of 3rd period - Jeff Carter is hit by Boyd Devereaux and loses puck.
18:08 of 3rd period - Slapshot by Daniel Alfredsson.
18:08 of 3rd period - Stopped by Evgeni Nabokov with a rebound.
18:16 of 3rd period - Penalty to Tomas Kopecky is over, Tomas Kopecky is back on ice.
18:33 of 3rd period - Snap shot by Joe Corvo.
18:33 of 3rd period - Shot Misses the Net.
18:35 of 3rd period - Slapshot by Wayne Primeau.
18:35 of 3rd period - Stopped by Niklas Backstrom with a rebound.
18:37 of 3rd period - Slapshot by Joe Corvo.
18:37 of 3rd period - Shot Blocked by Tomas Kopecky.
19:01 of 3rd period - Bruins, Evgeni Nabokov is pulled from the net.
19:01 of 3rd period - Wrist shot by Michael Ryder.
19:01 of 3rd period - Shot Misses the Net.
19:03 of 3rd period - Slapshot by Zdeno Chara.
19:03 of 3rd period - Shot Hit the Post.
19:05 of 3rd period - Snap shot by Dave Bolland.
19:05 of 3rd period - Shot Misses the Net.
19:07 of 3rd period - Slapshot by Zdeno Chara.
19:07 of 3rd period - Stopped by Niklas Backstrom with a rebound.
19:09 of 3rd period - Wrist shot by Dave Bolland.
19:09 of 3rd period - Shot Misses the Net.
19:11 of 3rd period - Snap shot by Andrew Alberts.
19:11 of 3rd period - Shot Blocked by Markus Naslund.
19:13 of 3rd period - Slapshot by Michael Ryder.
19:13 of 3rd period - Shot Blocked by Michal Rozsival.
19:15 of 3rd period - Slapshot by Dave Bolland.
19:15 of 3rd period - Shot Misses the Net.
19:19 of 3rd period - Snap shot by Andrew Alberts.
19:19 of 3rd period - Shot Misses the Net.
19:21 of 3rd period - Slapshot by Zdeno Chara.
19:21 of 3rd period - Shot Blocked by Dan McGillis.
19:23 of 3rd period - Wrist shot by Michael Ryder.
19:23 of 3rd period - Shot Blocked by Daniel Alfredsson.
19:25 of 3rd period - Snap shot by Zdeno Chara.
19:25 of 3rd period - Goal by Zdeno Chara - Sabres : 5 - Bruins : 5.
19:25 of 3rd period - Evgeni Nabokov from Bruins was sent back in the game.
19:26 of 3rd period - Boyd Devereaux wins face-off versus Wayne Primeau in neutral zone.
Overtime #1
0:01 of 1st overtime period - Mats Sundin wins face-off versus Dave Bolland in neutral zone.
0:12 of 1st overtime period - Wrist shot by Mats Sundin.
0:12 of 1st overtime period - Shot Blocked by Andrew Alberts.
2:09 of 1st overtime period - Brendan Morrison is hit by Zdeno Chara and loses puck.
2:26 of 1st overtime period - Daniel Alfredsson is hit by Scottie Upshall and loses puck.
2:37 of 1st overtime period - Richard Lintner is hit by Boyd Devereaux and loses puck.
3:36 of 1st overtime period - Icing by Joe Corvo.
3:37 of 1st overtime period - Boyd Devereaux wins face-off versus Dave Bolland in Bruins zone.
4:12 of 1st overtime period - Dave Bolland is hit by Daniel Alfredsson and loses puck.
ShootOut
5:00 of 1st overtime period - Penalty Shot by Daniel Alfredsson for Sabres.
5:00 of 1st overtime period - Snap shot by Daniel Alfredsson.
5:00 of 1st overtime period - Shot Misses the Net.
5:00 of 1st overtime period - Penalty Shot by Dave Bolland for Bruins.
5:00 of 1st overtime period - Wrist shot by Dave Bolland.
5:00 of 1st overtime period - Goal by Dave Bolland.
5:00 of 1st overtime period - Penalty Shot by Markus Naslund for Sabres.
5:00 of 1st overtime period - Deke by Markus Naslund.
5:00 of 1st overtime period - Goal by Markus Naslund.
5:00 of 1st overtime period - Penalty Shot by Jeff Carter for Bruins.
5:00 of 1st overtime period - Wrist shot by Jeff Carter.
5:00 of 1st overtime period - Shot Misses the Net.
5:00 of 1st overtime period - Penalty Shot by Mats Sundin for Sabres.
5:00 of 1st overtime period - Backhand shot by Mats Sundin.
5:00 of 1st overtime period - Stopped by Evgeni Nabokov.
5:00 of 1st overtime period - Penalty Shot by Wojtek Wolski for Bruins.
5:00 of 1st overtime period - Backhand shot by Wojtek Wolski.
5:00 of 1st overtime period - Shot Misses the Net.
5:00 of 1st overtime period - Penalty Shot by Brendan Morrison for Sabres.
5:00 of 1st overtime period - Backhand shot by Brendan Morrison.
5:00 of 1st overtime period - Goal by Brendan Morrison.
5:00 of 1st overtime period - Penalty Shot by Daniel Briere for Bruins.
5:00 of 1st overtime period - Wrist shot by Daniel Briere.
5:00 of 1st overtime period - Goal by Daniel Briere.
5:00 of 1st overtime period - Penalty Shot by Kyle Calder for Sabres.
5:00 of 1st overtime period - Snap shot by Kyle Calder.
5:00 of 1st overtime period - Stopped by Evgeni Nabokov.
5:00 of 1st overtime period - Penalty Shot by Zdeno Chara for Bruins.
5:00 of 1st overtime period - Snap shot by Zdeno Chara.
5:00 of 1st overtime period - Stopped by Niklas Backstrom.
5:00 of 1st overtime period - Penalty Shot by Boyd Devereaux for Sabres.
5:00 of 1st overtime period - Snap shot by Boyd Devereaux.
5:00 of 1st overtime period - Shot Misses the Net.
5:00 of 1st overtime period - Penalty Shot by Michael Ryder for Bruins.
5:00 of 1st overtime period - Deke by Michael Ryder.
5:00 of 1st overtime period - Goal by Michael Ryder.
Output by the SimonT Hockey Simulator (STHS) for François Prévost -- Original Page W3C XHTML 1.0 Valid